PAAA
VERMONT LAKE MONSTERS @ GRYFINDOR BRAVES
07/11/2027
 
TOP OF THE 1ST
Vermont Lake Monsters batting - Pitching for Gryfindor Braves : RHP Marv Bradford
Pitching: RHP Marv Bradford
Batting: RHB Rafael Pueblo 0-0: Ball
1-0: Ground out 4-3 (Groundball, 4)
Batting: SHB Juan Carlos Santos 0-0: Called Strike
0-1: Called Strike
0-2: Strikes out looking
Batting: RHB Henry Womack 0-0: Ground out 5-3 (Groundball, 56)
Top of the 1st over - 0 run(s), 0 hit(s), 0 error(s), 0 left on base; Vermont 0 - Gryfindor 0
BOTTOM OF THE 1ST
Gryfindor Braves batting - Pitching for Vermont Lake Monsters : RHP Stewart Fleming
Pitching: RHP Stewart Fleming
Batting: LHB David Breitling 0-0: Ball
1-0: Called Strike
1-1: Called Strike
1-2: Ball
2-2: Foul Ball, location: 2F
2-2: Foul Ball, location: 2F
2-2: Strikes out swinging
Batting: RHB Rafael Durango 0-0: Ball
1-0: Ball
2-0: Ball
3-0: Called Strike
3-1: Base on Balls
Batting: SHB Fernando Sánchez 0-0: Ball
1-0: Ball
2-0: Ball
3-0: Called Strike
3-1: Grounds into double play, 4-6-3 (Groundball, 4)
Bottom of the 1st over - 0 run(s), 0 hit(s), 0 error(s), 0 left on base; Vermont 0 - Gryfindor 0
TOP OF THE 2ND
Vermont Lake Monsters batting - Pitching for Gryfindor Braves : RHP Marv Bradford
Batting: RHB Adrian Smith 0-0: Ball
1-0: Ball
2-0: Swinging Strike
2-1: Swinging Strike
2-2: Ball
3-2: Base on Balls
Batting: RHB Fred Meyer 0-0: Swinging Strike
0-1: Ball
1-1: Foul Ball, location: 2F
1-2: Ball
2-2: Ball
3-2: Grounds into double play, 3-6-1 (Groundball, 34)
Batting: RHB Domenic Gallard 0-0: Ball
1-0: Called Strike
1-1: Foul Ball, location: 2F
1-2: Ball
2-2: Foul Ball, location: 2F
2-2: Foul Ball, location: 2F
2-2: Ball
3-2: Strikes out swinging
Top of the 2nd over - 0 run(s), 0 hit(s), 0 error(s), 0 left on base; Vermont 0 - Gryfindor 0
BOTTOM OF THE 2ND
Gryfindor Braves batting - Pitching for Vermont Lake Monsters : RHP Stewart Fleming
Batting: LHB Ignacio Medine 0-0: Foul Ball, location: 2F
0-1: Ball
1-1: Swinging Strike
1-2: Ball
2-2: Strikes out swinging
Batting: RHB Roy Herring 0-0: Ball
1-0: Ball
2-0: Called Strike
2-1: Ball
3-1: Swinging Strike
3-2: Foul Ball, location: 2F
3-2: Fly out, F9 (Flyball, 89M)
Batting: RHB Bob Campbell 0-0: Called Strike
0-1: Fly out, F9 (Flyball, 9LSF)
Bottom of the 2nd over - 0 run(s), 0 hit(s), 0 error(s), 0 left on base; Vermont 0 - Gryfindor 0
TOP OF THE 3RD
Vermont Lake Monsters batting - Pitching for Gryfindor Braves : RHP Marv Bradford
Batting: LHB Gustavo Vázquez 0-0: Ball
1-0: Fly out, F7 (Flyball, 7S)
Batting: RHB Augusto Encarnación 0-0: Ball
1-0: Ball
2-0: Called Strike
2-1: Foul Ball, location: 2F
2-2: Fly out, F9 (Flyball, 9S)
Batting: RHB Rodrigo Velasco 0-0: Ball
1-0: SINGLE (Groundball, 4D)
Batting: RHB Rafael Pueblo 0-0: Called Strike
0-1: Called Strike
0-2: Ball
1-2: Ball
2-2: Foul Ball, location: 2F
2-2: Strikes out looking
Top of the 3rd over - 0 run(s), 1 hit(s), 0 error(s), 1 left on base; Vermont 0 - Gryfindor 0
BOTTOM OF THE 3RD
Gryfindor Braves batting - Pitching for Vermont Lake Monsters : RHP Stewart Fleming
Batting: RHB Ernesto Souza 0-0: Ball
1-0: Ball
2-0: Foul Ball, location: 2F
2-1: Fly out, F8 (Flyball, 78S)
Batting: RHB Raúl Reyna 0-0: Called Strike
0-1: Ball
1-1: Ball
2-1: Foul Ball, location: 2F
2-2: Ball
3-2: Ground out 4-3 (Groundball, 4)
Batting: SHB Félix Cruz 0-0: Fly out, F8 (Flyball, 8LM)
Bottom of the 3rd over - 0 run(s), 0 hit(s), 0 error(s), 0 left on base; Vermont 0 - Gryfindor 0
TOP OF THE 4TH
Vermont Lake Monsters batting - Pitching for Gryfindor Braves : RHP Marv Bradford
Batting: SHB Juan Carlos Santos 0-0: Ball
1-0: Called Strike
1-1: Ground out 3-1 (Groundball, 34S)
Batting: RHB Henry Womack 0-0: Called Strike
0-1: Ball
1-1: Called Strike
1-2: Foul Ball, location: 2F
1-2: Ball
2-2: Foul Ball, location: 2F
2-2: Ball
3-2: Foul Ball, location: 2F
3-2: Fly out, F6 (Popup, 6D)
Batting: RHB Adrian Smith 0-0: Ball
1-0: Swinging Strike
1-1: Foul Ball, location: 2F
1-2: Ball
2-2: Strikes out looking
Top of the 4th over - 0 run(s), 0 hit(s), 0 error(s), 0 left on base; Vermont 0 - Gryfindor 0
BOTTOM OF THE 4TH
Gryfindor Braves batting - Pitching for Vermont Lake Monsters : RHP Stewart Fleming
Batting: LHB David Breitling 0-0: Called Strike
0-1: Ball
1-1: Foul Ball, location: 2F
1-2: SINGLE (Flyball, 9S)
Batting: RHB Rafael Durango 0-0: Grounds into double play, 6-4-3 (Groundball, 6)
Batting: SHB Fernando Sánchez 0-0: Swinging Strike
0-1: Swinging Strike
0-2: Ball
1-2: Ball
2-2: Strikes out swinging
Bottom of the 4th over - 0 run(s), 1 hit(s), 0 error(s), 0 left on base; Vermont 0 - Gryfindor 0
TOP OF THE 5TH
Vermont Lake Monsters batting - Pitching for Gryfindor Braves : RHP Marv Bradford
Batting: RHB Fred Meyer 0-0: Called Strike
0-1: SINGLE (Flyball, 78S)
Batting: RHB Domenic Gallard 0-0: Ball
1-0: Called Strike
1-1: Ball
2-1: Foul Ball, location: 2F
2-2: Foul Ball, location: 2F
2-2: Fly out, F7 (Flyball, 78M)
Batting: LHB Gustavo Vázquez 0-0: Ball
1-0: Foul Ball, location: 2F
1-1: Ball
2-1: Swinging Strike
2-2: Strikes out swinging
Batting: RHB Augusto Encarnación 0-0: Called Strike
0-1: Swinging Strike
0-2: Ball
1-2: Ball
2-2: Strikes out looking
Top of the 5th over - 0 run(s), 1 hit(s), 0 error(s), 1 left on base; Vermont 0 - Gryfindor 0
BOTTOM OF THE 5TH
Gryfindor Braves batting - Pitching for Vermont Lake Monsters : RHP Stewart Fleming
Batting: LHB Ignacio Medine 0-0: Called Strike
0-1: Fly out, F9 (Flyball, 9S)
Batting: RHB Roy Herring 0-0: Foul Ball, location: 2F
0-1: Foul Ball, location: 2F
0-2: Strikes out looking
Batting: RHB Bob Campbell 0-0: Ball
1-0: Ground out 6-3 (Groundball, 6)
Bottom of the 5th over - 0 run(s), 0 hit(s), 0 error(s), 0 left on base; Vermont 0 - Gryfindor 0
TOP OF THE 6TH
Vermont Lake Monsters batting - Pitching for Gryfindor Braves : RHP Marv Bradford
Batting: RHB Rodrigo Velasco 0-0: Ball
1-0: Foul Ball, location: 2F
1-1: Ball
2-1: SINGLE (Line Drive, 34D)
Batting: RHB Rafael Pueblo 0-0: Swinging Strike
0-1: Swinging Strike
0-2: Ball
1-2: Ball
2-2: SINGLE (Groundball, 6MD)
Rodrigo Velasco to second
Batting: SHB Juan Carlos Santos 0-0: Ball
1-0: Sac Bunt - play at first, batter OUT! 5-3
Rodrigo Velasco to third
Rafael Pueblo to second
Batting: RHB Henry Womack 0-0: Ball
1-0: Ball
2-0: Foul Ball, location: 2F
2-1: Swinging Strike
2-2: Strikes out swinging
Batting: RHB Adrian Smith 0-0: Foul Ball, location: 2F
0-1: Ball
1-1: Ball
2-1: 3-RUN HOME RUN (Flyball, 7LD), Distance : 366 ft
Batting: RHB Fred Meyer 0-0: Called Strike
0-1: Ball
1-1: Called Strike
1-2: Ball
2-2: Foul Ball, location: 2F
2-2: Ball
3-2: Foul Ball, location: 2F
3-2: Ground out 4-3 (Groundball, 4S)
Top of the 6th over - 3 run(s), 3 hit(s), 0 error(s), 0 left on base; Vermont 3 - Gryfindor 0
BOTTOM OF THE 6TH
Gryfindor Braves batting - Pitching for Vermont Lake Monsters : RHP Stewart Fleming
Batting: RHB Ernesto Souza 0-0: Ball
1-0: Foul Ball, location: 2F
1-1: Called Strike
1-2: Fly out, F6 (Popup, 5D)
Batting: RHB Raúl Reyna 0-0: Ground out 6-3 (Groundball, 6)
Batting: SHB Félix Cruz 0-0: Ball
1-0: Ball
2-0: SINGLE (Groundball, 34S) (infield hit)
Batting: LHB David Breitling 0-0: Called Strike
0-1: Ground out 4-3 (Groundball, 34)
Bottom of the 6th over - 0 run(s), 1 hit(s), 0 error(s), 1 left on base; Vermont 3 - Gryfindor 0
TOP OF THE 7TH
Vermont Lake Monsters batting - Pitching for Gryfindor Braves : RHP Marv Bradford
Batting: RHB Domenic Gallard 0-0: Called Strike
0-1: SINGLE (Flyball, 8RM)
Pitching: LHP Octávio Ríos
Batting: LHB Gustavo Vázquez 0-0: Bunted foul
0-1: Ball
1-1: Ball
2-1: Sac Bunt - play at first, batter OUT! 2-4
Domenic Gallard to second
Batting: RHB Augusto Encarnación 0-0: Fly out, F7 (Line Drive, 7)
Batting: RHB Rodrigo Velasco 0-0: Ball
1-0: Fly out, F4 (Popup, 4)
Top of the 7th over - 0 run(s), 1 hit(s), 0 error(s), 1 left on base; Vermont 3 - Gryfindor 0
BOTTOM OF THE 7TH
Gryfindor Braves batting - Pitching for Vermont Lake Monsters : RHP Stewart Fleming
Batting: RHB Rafael Durango 0-0: Called Strike
0-1: DOUBLE (Line Drive, 8LD)
Batting: SHB Fernando Sánchez 0-0: Called Strike
0-1: Ground out 4-3 (Groundball, 4)
Rafael Durango to third
Batting: LHB Ignacio Medine 0-0: Ball
1-0: Swinging Strike
1-1: Foul Ball, location: 2F
1-2: Ball
2-2: SINGLE (Line Drive, 34D)
Rafael Durango scores
Batting: RHB Roy Herring 0-0: Ball
1-0: Ball
2-0: Grounds into double play, 6-4-3 (Groundball, 6)
Bottom of the 7th over - 1 run(s), 2 hit(s), 0 error(s), 0 left on base; Vermont 3 - Gryfindor 1
TOP OF THE 8TH
Vermont Lake Monsters batting - Pitching for Gryfindor Braves : LHP Octávio Ríos
Batting: RHB Rafael Pueblo 0-0: Ball
1-0: Called Strike
1-1: Ball
2-1: Called Strike
2-2: Foul Ball, location: 2F
2-2: Foul Ball, location: 2F
2-2: Ball
3-2: Base on Balls
Batting: SHB Juan Carlos Santos 0-0: Foul Ball, location: 2F
0-1: Ball
1-1: Foul Ball, location: 2F
1-2: Strikes out swinging
Batting: RHB Henry Womack 0-0: Ball
Rafael Pueblo is caught stealing 2nd base
1-0: Called Strike
1-1: Called Strike
1-2: Foul Ball, location: 2F
1-2: Strikes out swinging
Top of the 8th over - 0 run(s), 0 hit(s), 0 error(s), 0 left on base; Vermont 3 - Gryfindor 1
BOTTOM OF THE 8TH
Gryfindor Braves batting - Pitching for Vermont Lake Monsters : RHP Stewart Fleming
Batting: RHB Bob Campbell 0-0: Called Strike
0-1: Foul Ball, location: 2F
0-2: Strikes out swinging
Batting: RHB Ernesto Souza 0-0: Called Strike
0-1: Foul Ball, location: 2F
0-2: Reached on error, E6 (Groundball, 6S)
Batting: RHB Raúl Reyna 0-0: Called Strike
0-1: Foul Ball, location: 2F
0-2: Ball
1-2: Ball
2-2: Foul Ball, location: 2F
2-2: SINGLE (Line Drive, 89S)
Ernesto Souza to third
Runner from 3rd tries for Home, SAFE, no throw
Batting: SHB Félix Cruz 0-0: Ball
1-0: Foul Ball, location: 2F
1-1: Ball
2-1: Called Strike
2-2: Ball
3-2: DOUBLE (Line Drive, 89D)
Raúl Reyna to third
Pitching: LHP Hwen-thiang Qin
Pinch Hitting: RHB Gonzalo Ángel 0-0: Ball
1-0: Called Strike
1-1: Swinging Strike
1-2: Strikes out swinging
Batting: RHB Rafael Durango 0-0: Ball
1-0: Foul Ball, location: 2F
1-1: Called Strike
1-2: Strikes out swinging
Bottom of the 8th over - 1 run(s), 2 hit(s), 1 error(s), 2 left on base; Vermont 3 - Gryfindor 2
TOP OF THE 9TH
Vermont Lake Monsters batting - Pitching for Gryfindor Braves : LHP Octávio Ríos
Now in CF: Micheal Garren
Batting: RHB Adrian Smith 0-0: Called Strike
0-1: Ball
1-1: Foul Ball, location: 2F
1-2: Fly out, F8 (Flyball, 8LM)
Batting: RHB Fred Meyer 0-0: Called Strike
0-1: Ball
1-1: Ball
2-1: Foul Ball, location: 2F
2-2: Ball
3-2: Ground out 6-3 (Groundball, 6MS)
Batting: RHB Domenic Gallard 0-0: Ball
1-0: Ball
2-0: Ball
3-0: Base on Balls
Pinch Hitting: RHB Juan Báez 0-0: Called Strike
0-1: DOUBLE (Line Drive, 9LM)
Domenic Gallard to third
Batting: RHB Augusto Encarnación 0-0: Ball
1-0: Called Strike
1-1: Foul Ball, location: 2F
1-2: Ball
2-2: Strikes out swinging
Top of the 9th over - 0 run(s), 1 hit(s), 0 error(s), 2 left on base; Vermont 3 - Gryfindor 2
BOTTOM OF THE 9TH
Gryfindor Braves batting - Pitching for Vermont Lake Monsters : LHP Hwen-thiang Qin
Now at 2B: Luis Rodríguez
Batting: SHB Fernando Sánchez 0-0: Called Strike
0-1: Ball
1-1: Foul Ball, location: 2F
1-2: Strikes out swinging
Pinch Hitting: SHB Juan Sánchez 0-0: Ball
1-0: Called Strike
1-1: Ball
2-1: Called Strike
2-2: Ground out 3-1 (Groundball, 34)
Batting: RHB Roy Herring 0-0: Ball
1-0: Swinging Strike
1-1: Ground out 4-3 (Groundball, 4)
Bottom of the 9th over - 0 run(s), 0 hit(s), 0 error(s), 0 left on base; Vermont 3 - Gryfindor 2
Saturday, May 26th, 2018 - OOTP Baseball 17.12 Build 75